 Dungeon Crawl Stone Soup version 0.19.0-2-gae57169 (webtiles) character file.

1317 Querens the Grave Robber (level 8, -13/62 HPs)
             Began as a Deep Dwarf Necromancer on Nov 4, 2016.
             Was an Initiate of Makhleb.
             Mangled by Prince Ribbit (15 damage)
             ... on level 6 of the Dungeon.
             The game lasted 00:38:57 (4521 turns).

Querens the Grave Robber (Deep Dwarf Necromancer)   Turns: 4521, Time: 00:38:57

Health: -13/62     AC:  6    Str: 14    XL:     8   Next: 33%
Magic:  3/15       EV: 11    Int: 16    God:    Makhleb [......]
Gold:   218        SH:  0    Dex: 13    Spells: 2 memorised, 13 levels left

rFire  . . .     SeeInvis .     k - +2 short sword (speed)
rCold  . . .     Gourm    +     e - +0 scale mail
rNeg   . . .     Faith    .     (no shield)
rPois  .         Spirit   .     (no helmet)
rElec  .         Reflect  .     (no cloak)
rCorr  .         Harm     .     (no gloves)
MR     +....                    (no boots)
Stlth  ++........               n - amulet of the gourmand
                                (no ring)
                                (no ring)

@: very slightly contaminated, non-regenerating, hasted, very quick
A: damage resistance, recharge devices, sense surroundings 1, slow regeneration
3
a: Device Recharging, Renounce Religion


You were on level 6 of the Dungeon.
You worshipped Makhleb.
Makhleb was noncommittal.
You were very full.

You visited 2 branches of the dungeon, and saw 7 of its levels.

You collected 386 gold pieces.
You spent 168 gold pieces at shops.

Inventory:

Hand Weapons
 k - a +2 short sword of speed (weapon)
 o - a +0 spear
 t - a +0 falchion of protection
 u - a +1 long sword of protection
Missiles
 I - 5 javelins of penetration (quivered)
Armour
 a - a +0 robe
 e - a +0 scale mail (worn)
 r - a +0 plate armour
Magical Staves
 w - an uncursed staff of cold {unknown}
Jewellery
 n - an amulet of the gourmand (around neck)
Wands
 c - a wand of heal wounds (0/9)
 q - a wand of lightning (0/15)
 y - a wand of flame (36/48)
 K - a wand of hasting (1/9)
 N - a wand of slowing (26/48)
Scrolls
 h - 2 scrolls of blinking {unknown}
 l - 5 scrolls of identify {unknown}
 p - 3 scrolls of teleportation {unknown}
 v - a scroll of fear {unknown}
 A - a scroll of noise {unknown}
 B - a scroll of recharging {unknown}
 C - a scroll of magic mapping {unknown}
 E - 2 scrolls of enchant armour {unknown}
 F - a scroll of remove curse {unknown}
 G - a scroll of summoning {unknown}
 H - a scroll of fog {unknown}
 M - a scroll of holy word {unknown}
 O - a scroll of amnesia {unknown}
Potions
 g - 2 potions of cure mutation
 j - 3 potions of heal wounds {unknown}
 m - 5 potions of degeneration {unknown}
 s - a potion of invisibility {unknown}
 z - 3 potions of mutation {unknown}
 D - a potion of lignification {unknown}
 J - a potion of flight {unknown}
 L - a potion of curing {unknown}
Books
 b - a book of Necromancy

   Spells                             Type                      Level
   a - Pain                           Necromancy                   1
   b - Animate Skeleton               Necromancy                   1
   c - Vampiric Draining              Necromancy                   3
   d - Regeneration                   Charms/Necromancy            3
   e - Animate Dead                   Necromancy                   4
   f - Control Undead                 Necromancy                   4
Comestibles
 d - 3 bread rations
 f - 3 meat rations
 i - 2 beef jerkies
 x - 6 fruits


   Skills:
 + Level 3.3 Armour
 + Level 4.8 Dodging
 + Level 5.5 Stealth
 * Level 5.0 Spellcasting
 * Level 7.3 Necromancy


You had 13 spell levels left.
You knew the following spells:

 Your Spells              Type           Power        Failure   Level  Hunger
a - Pain                  Necr           ####         3%          1    None
b - Vampiric Draining     Necr           ####......   12%         3    ###....


Dungeon Overview and Level Annotations

Branches:
Dungeon (6/15)             Temple (1/1) D:4

Altars:
Ashenzari
Cheibriados
Elyvilon
Fedhas
Gozag
Kikubaaqudgha
Makhleb
Okawaru
Sif Muna
Uskayaw
Vehumet
Xom
Yredelemnul
Lugonu

Shops:
D:5 *

Annotations:
D:6 Prince Ribbit


Innate Abilities, Weirdness & Mutations

You are resistant to damage.
You can recharge devices by infusing magical energy.
You passively map a small area around you.
You do not regenerate.


Message History

Evoke which item? (* to show all) (? for menu, Esc to quit)
Zapping:
c - a wand of heal wounds (1/9)
Press: ? - help, Shift-Dir - straight line, f - you You feel much better.
This wand has 0 charges left.
Prince Ribbit closely misses you. Prince Ribbit hits you.
You miss Prince Ribbit. Prince Ribbit hits you!
* * * LOW HITPOINT WARNING * * *
Items here: ))) ? [ ††† The adder hisses angrily.
Prince Ribbit barely misses you.
Prince Ribbit winks and puckers his lips.
Prince Ribbit hits you!
* * * LOW HITPOINT WARNING * * *
Evoke which item? (* to show all) (? for menu, Esc to quit)
Zapping:
K - a wand of hasting {zapped: 2} (will waste charges)
Press: ? - help, Shift-Dir - straight line, f - you You feel yourself speed up.
Evoking this partially-identified wand wasted a few charges.
Prince Ribbit hits you!
You die...

## #.# * #.##
######### ##
###.###........ , ,
#.##...@FS.......# *
#.#
#.#.#.###)#####.#
#.# #..)## #.# #.#
#.# ##.#.## #†# #.#
#.# ##.###.###.# #.#
#.# ###.##
##o##.#####.#####.#
#..##
##o....o..........
#.#.#
*##.##..####.....o..
########.##...#.#
..........o...#


You could see Prince Ribbit and an adder.

Vanquished Creatures
  An ice beast (D:5)
  A centaur (D:5)
  5 bullfrogs
  A water moccasin skeleton (D:4)
  2 scorpions (D:5)
  A howler monkey (D:5)
  4 crimson imps
  An iguana (D:5)
  4 orc priests (D:6)
  A centaur skeleton (D:6)
  An orc wizard (D:6)
  4 worker ants
  8 gnolls
  3 adders
  An ooze (D:1)
  An adder skeleton (D:4)
  5 worms
  3 dart slugs (D:2)
  5 leopard geckos
  9 orcs
  4 ball pythons
  11 bats
  5 giant cockroaches
  9 goblins
  3 hobgoblins (D:1)
  2 jackals (D:4)
  4 kobolds
  2 quokkas
  10 frilled lizards
  9 rats
120 creatures vanquished.

Notes
Turn   | Place    | Note
-------+----------+-------------------------------------------
     0 | D:1      | Querens the Deep Dwarf Necromancer began the quest for the Orb.
     0 | D:1      | Reached XP level 1. HP: 15/15 MP: 3/3
    98 | D:1      | Reached XP level 2. HP: 5/22 MP: 0/5
   329 | D:1      | HP: 1/22 [leopard gecko (3)]
   487 | D:1      | Reached XP level 3. HP: 26/28 MP: 0/6
   501 | D:1      | Learned a level 3 spell: Vampiric Draining
  1144 | D:2      | Reached XP level 4. HP: 12/36 MP: 0/7
  1205 | D:2      | Reached skill level 5 in Necromancy
  1772 | D:3      | Found a white marble altar of Elyvilon.
  1888 | D:3      | Found a blossoming altar of Fedhas.
  1989 | D:3      | Reached XP level 5. HP: 36/42 MP: 2/9
  2369 | D:4      | Found a staircase to the Ecumenical Temple.
  2381 | Temple   | Entered the Ecumenical Temple
  2472 | D:4      | Found a radiant altar of Vehumet.
  2710 | D:4      | Reached skill level 1 in Armour
  3032 | D:5      | Entered Level 5 of the Dungeon
  3036 | D:5      | Reached XP level 6. HP: 37/49 MP: 1/11
  3054 | D:5      | Found Qeczeq's Assorted Antiques.
  3062 | D:5      | Bought a glowing yellow potion for 26 gold pieces
  3062 | D:5      | Bought a scroll labeled COIRGH KEWOP for 29 gold pieces
  3062 | D:5      | Bought a scroll labeled MEIMME UGRAT for 29 gold pieces
  3062 | D:5      | Bought a bubbling orange potion for 26 gold pieces
  3062 | D:5      | Bought a scroll labeled ANOAPEOMIPT for 29 gold pieces
  3062 | D:5      | Bought a scroll labeled RADOIH XIOSECO for 29 gold pieces
  3288 | D:5      | Reached skill level 6 in Necromancy
  3386 | D:5      | Found a burning altar of Makhleb.
  3391 | D:5      | Became a worshipper of Makhleb the Destroyer
  3514 | D:5      | Reached XP level 7. HP: 30/55 MP: 3/13
  3809 | D:6      | Found a snail-covered altar of Cheibriados.
  3939 | D:6      | Noticed Prince Ribbit
  4142 | D:6      | Reached skill level 5 in Stealth
  4307 | D:6      | Reached XP level 8. HP: 44/62 MP: 5/15
  4352 | D:6      | Found a burning altar of Makhleb.
  4422 | D:6      | Reached skill level 7 in Necromancy
  4488 | D:6      | Reached skill level 5 in Spellcasting
  4520 | D:6      | HP: 2/62 [Prince Ribbit (12)]
  4521 | D:6      | Mangled by Prince Ribbit

Skill      XL: |  1  2  3  4  5  6  7  8 |
---------------+-------------------------+-----
Spellcasting   | 2 3 4 5 |  5.0
Stealth        | 3 4 5 |  5.5
Necromancy     | 5 6 7 |  7.3
Dodging        | 3 4 |  4.8
Armour         | 1 2 3 |  3.3

Action                   |  1- 3 |  4- 6 |  7- 9 || total
-------------------------+-------+-------+-------++-------
Melee: Unarmed           |    29 |       |       ||    29
       Club              |    16 |       |       ||    16
       Short sword       |    57 |   139 |   180 ||   376
       Spear             |       |     9 |       ||     9
Throw: Javelin           |       |     3 |       ||     3
 Cast: Pain              |    36 |     2 |       ||    38
       Vampiric Draining |     4 |    35 |    33 ||    72
Evoke: Wand              |     1 |     2 |     6 ||     9
  Use: Potion            |     2 |       |       ||     2
 Stab: Sleeping          |     2 |    11 |     2 ||    15
       Distracted        |       |     1 |       ||     1
  Eat: Chunk             |     2 |    15 |    11 ||    28
Armor: Robe              |    16 |    12 |     3 ||    31
       Scale mail        |       |       |    19 ||    19
Dodge: Dodged            |    61 |    75 |    97 ||   233
